 Dungeon Crawl Stone Soup version 0.30-b1-2-g02819fbbbe (webtiles) character file.

Game seed: 12329339915126043407

23 Alarkh the Insei (level 2, -1/24 HPs)
             Began as a Demonspawn Chaos Knight on May 20, 2023.
             Was a Plaything of Xom.
             Slain by a jackal (2 damage)
             ... summoned by Xom
             ... on level 1 of the Dungeon.
             The game lasted 00:00:48 (670 turns).

Alarkh the Insei (Demonspawn Chaos Knight)           Turns: 670, Time: 00:00:48

Health: -1/24      AC:  6    Str: 12    XL:     2   Next: 75%
Magic:  11/11      EV: 11    Int: 13    God:    Xom [...*..]
Gold:   28         SH:  0    Dex: 12    Spells: 1/1 levels left

rFire   . .          .
                       - Unarmed
rCold   . . .        (no shield)
rNeg    . . .        a - +2 leather armour
rPois   .            (no helmet)
rElec   .            (no cloak)
rCorr   .            (no gloves)
SInv    .            (no boots)
Will    .....        (no amulet)
Stlth   +            f - ring of magical power
HPRegen 0.24/turn    (no ring)
MPRegen 0.12/turn

%: no passive effects
@: no status effects
A: sharp scales 1
a: Renounce Religion


You were on level 1 of the Dungeon.
You worshipped Xom.
You were a favourite toy of Xom.
You visited 1 branch of the dungeon, and saw 1 of its levels.

You collected 28 gold pieces.

Inventory:

Armour
 a - a +2 leather armour (worn)
Jewellery
 f - a ring of magical power (left hand)
Scrolls
 c - 2 scrolls of identify {unknown}
 d - a scroll of blinking {unknown}
 g - a scroll of acquirement {unknown}
Potions
 e - a potion of flight {unknown}
 h - a potion of lignification {unknown}
Miscellaneous
 b - a piece from Xom's chessboard (13/15) (quivered)


   Skills:
 + Level 3.3 Fighting
 - Level 1.7 Armour
 - Level 0.8 Dodging
 * Level 3.4 Unarmed Combat


You had one spell level left.
You didn't know any spells.
Your spell library contained the following spells:

 Spells                   Type           Power      Damage    Failure   Level
 Mephitic Cloud           Conj/Pois/Air  0%         N/A       75%         3
 Agony                    Necr           0%         N/A       100%        5
 Death's Door             Necr           0%         N/A       100%        9


Dungeon Overview and Level Annotations

Branches:
Dungeon (1/15)

Altars:


Innate Abilities, Weirdness & Mutations

You are partially covered in razor-sharp scales. (AC +1, Slay +1)


Message History

The jackal barely misses you. x2
The jackal bites you but does no damage.
The ball python closely misses you. The ball python constricts you.
The endoplasm hits you but does no damage.
The jackal barely misses you. The jackal bites you. x2
You closely miss the ball python.
The ball python is moderately wounded.
The ball python bites you but does no damage.
The ball python constricts you.
The endoplasm hits you but does no damage.
The jackal bites you but does no damage. x3
The ball python bites you but does no damage.
The ball python constricts you.
Unknown command.
You hit the ball python.
You kill the ball python!
The ball python's corpse degenerates into a cloud of primal chaos!
The jackal closely misses you. The jackal bites you.
The jackal closely misses you. The endoplasm freezes you.
You are frozen.
* * * LOW HITPOINT WARNING * * *
You hit the jackal.
You kill the jackal!
The jackal's corpse disappears in a puff of smoke!
The jackal bites you but does no damage.
The jackal barely misses you.
The endoplasm hits you but does no damage.
The jackal bites you but does no damage.
The jackal bites you.
* * * LOW HITPOINT WARNING * * *
The jackal bites you but does no damage.
The jackal barely misses you. The jackal closely misses you.
The jackal attacks as you move away! The jackal bites you.
* * * LOW HITPOINT WARNING * * *
The jackal attacks as you move away! The jackal closely misses you.
The jackal bites you.
You die... "It was about time."

#.#####...### ##..##
#...#.......######...###
#.#.#............##....##
#.#.#.......####..##.....
#.#.#...[.### #######...
#.#...#...# ####
#.#......########### ###
#.#..###.h....>....# #.#
#.......@hJ...####.# ##.#
###..########.####.###...
#..# #...(.......... #..#
#.#......###...
#######..# #.######.#
##.# #........# #.# #.#
#.. #.######.# #.# #.#
### #.# #.# #.# ##.## #
##.######.######.#
#...#####


You could see an endoplasm (summoned) and 2 jackals.

Vanquished Creatures
  2 bats (D:1)
  4 endoplasms (D:1)
  A giant cockroach (D:1)
  A goblin (D:1)
  4 hobgoblins (D:1)
  2 quokkas (D:1)
  2 ball pythons (D:1)
  2 frilled lizards (D:1)
  2 rats (D:1)
20 creatures vanquished.

Notes
Turn   | Place    | Note
-------+----------+-------------------------------------------
     0 | D:1      | Alarkh the Demonspawn Chaos Knight began the quest for the
                  | Orb.
     0 | D:1      | Reached XP level 1. HP: 18/18 MP: 1/1
    55 | D:1      | Got Ylysatim's Almanac of Horrible Toxicants
    67 | D:1      | XOM: potion effect (berserk rage)
   131 | D:1      | Gained mutation: You are partially covered in razor-sharp
                  | scales. (AC +1, Slay +1) [demonic ancestry]
   131 | D:1      | Reached XP level 2. HP: 24/24 MP: 2/2
   297 | D:1      | XOM: enchant monster (good)
   658 | D:1      | XOM: summons 3 hostile shadow creatures
   670 | D:1      | HP: 1/24 [jackal[Xom] (1)]
   670 | D:1      | Slain by a jackal

Illustrated notes

Levels and vault maps discovered:
D:1:      heliophobic_arrival_dark_side_of_the_moon, layout_loops_ring,
          minmay_misc_feat_cross

Skill      XL: |  1 |
---------------+----+-----
Unarmed Combat | 3 |  3.4
Fighting       | |  3.3
Armour         | |  1.7
Dodging        | |  0.8

Action                     || total
---------------------------++-------
  Melee: Unarmed           ||    80
         Punch             ||     1
  Evoke: Piece from Xom's  ||     2
 Armour: Leather armour    ||    50
  Dodge: Dodged            ||    63
